 Dungeon Crawl Stone Soup version 0.24.0-123-gd5b16e6ec5 (webtiles) character file.

Game seed: 15791041763109056260, levelgen mode: deterministic

36569 Mesmaeker13 the Destroyer (level 13, -11/86 HPs)
             Began as a Pale Draconian Earth Elementalist on Feb 3, 2020.
             Was an Elder of Sif Muna.
             Killed themself with a badly aimed fireball (24 damage)
             ... in an ice cave.
             The game lasted 00:42:17 (23011 turns).

Mesmaeker13 the Destroyer (DrEE)                   Turns: 23011, Time: 00:42:18

Health: -11/86     AC: 11    Str: 12    XL:     13   Next: 53%
Magic:  5/29       EV: 18    Int: 28    God:    Sif Muna [****..]
Gold:   423        SH:  0    Dex: 15    Spells: 5/18 levels left

rFire    . . .     SeeInvis .   t - +4 hand axe "Leohed" {chop, rPois Int+3 Dex+4}
rCold    + . .     Gourm    +   (no shield)
rNeg     . . .     Faith    .   (armour unavailable)
rPois    +         Spirit   .   x - +3 hat of Pondering {ponderous, MR+ MP+10 Int+5}
rElec    .         Reflect  .   (no cloak)
rCorr    .         Harm     .   (no gloves)
MR       +....                  (no boots)
Stlth    ++........             E - amulet of the gourmand
HPRegen  0.24/turn              A - ring of ice
MPRegen  0.21/turn              r - ring of protection from fire

@: slowed, very slow
A: breathe steam, unfitting armour, cold-blooded, AC +8
a: Breathe Steam, Channel Magic, Forget Spell, Divine Exegesis, Renounce
Religion


You were in an ice cave.
You worshipped Sif Muna.
Sif Muna was greatly pleased with you.
You were very full.

You visited 3 branches of the dungeon, and saw 17 of its levels.
You also visited: Ice Cave.

You collected 962 gold pieces.
You spent 539 gold pieces at shops.

Inventory:

Hand Weapons
 d - a +0 vampiric trident
 t - the +4 hand axe "Leohed" (weapon) {chop, rPois Int+3 Dex+4}
   (You found it on level 4 of the Dungeon)

   It inflicts extra damage upon your enemies.
   It affects your intelligence (+3).
   It affects your dexterity (+4).
   It protects you from poison.
Missiles
 b - 116 stones (quivered)
 e - 2 throwing nets
Armour
 w - a +0 shield
 x - the +3 hat of Pondering (worn) {ponderous, MR+ MP+10 Int+5}
   (You took it off Gastronok on level 9 of the Dungeon)

   It affects your intelligence (+5).
   It affects your resistance to hostile enchantments.
   It affects your magic capacity (+10).
Magical Staves
 B - an uncursed staff of fire
Jewellery
 g - an uncursed ring of fire
 r - a ring of protection from fire (right hand)
 A - a ring of ice (left hand)
 E - an amulet of the gourmand (around neck)
Wands
 h - a wand of disintegration (1)
 i - a wand of digging (13)
 m - a wand of iceblast (10)
 F - a wand of enslavement (9)
 J - a wand of clouds (12)
Scrolls
 f - 5 scrolls of teleportation
 k - a scroll of silence {unknown}
 n - a scroll of fog {unknown}
 o - a scroll of blinking {unknown}
 p - a scroll of noise {unknown}
 s - a scroll of summoning {unknown}
 u - 6 scrolls of remove curse
 y - 2 scrolls of enchant armour
 D - a scroll of acquirement {unknown}
 G - a scroll of magic mapping {unknown}
 H - a scroll of vulnerability {unknown}
Potions
 a - 4 potions of curing
 l - 2 potions of brilliance
 q - a potion of agility
 v - a potion of flight
 z - a potion of ambrosia
Miscellaneous
 C - a box of beasts
Comestibles
 c - 27 rations


   Skills:
 - Level 9.1 Dodging
 - Level 1.7 Stealth
 + Level 8.7 Shields
 - Level 3.1 Spellcasting
 + Level 12.3 Conjurations
   Level 1.0 Transmutations
 * Level 11.6 Fire Magic
 - Level 8.0 Earth Magic
 - Level 8.5 Invocations


You had 5 spell levels left.
You knew the following spells:

 Your Spells              Type           Power        Failure   Level  Hunger
a - Sandblast             Erth           #####.       1%          1    None
b - Stone Arrow           Conj/Erth      ######       1%          3    ###....
c - Sticky Flame          Conj/Fire      ######..     1%          4    ####...
d - Fireball              Conj/Fire      ######....   1%          5    ######.

Your spell library contained the following spells:

 Spells                   Type           Power        Failure   Level  Hunger
 Flame Tongue             Conj/Fire      #####        1%          1    None
 Magic Dart               Conj           ####         1%          1    None
 Passwall                 Tmut/Erth      ####....     1%          2    #......
 Searing Ray              Conj           ######       1%          2    #......
 Throw Flame              Conj/Fire      ######       1%          2    #......
 Conjure Flame            Conj/Fire      ######..     1%          3    ###....
 Dazzling Spray           Conj/Hex       #####.       1%          3    ###....
 Iskenderun's Mystic Bla  Conj           ######..     1%          4    ####...
 Inner Flame              Hex/Fire       #####...     2%          3    ###....
 Mephitic Cloud           Conj/Pois/Air  ####....     4%          3    ###....
 Beastly Appendage        Tmut           ##....       5%          1    None
 Force Lance              Conj/Tloc      #####...     6%          4    ####...
 Fulminant Prism          Conj/Hex       #####.....   6%          4    ####...
 Sticks to Snakes         Tmut           ##......     9%          2    #......
 Lee's Rapid Deconstruct  Erth           #####.....   9%          5    ######.
 Blink                    Tloc           N/A          12%         2    #......
 Call Imp                 Summ           #.......     12%         2    #......
 Slow                     Hex            #.......     12%         2    #......
 Petrify                  Tmut/Erth      ####....     13%         4    ####...
 Irradiate                Conj/Tmut      #####.....   14%         5    ######.
 Spider Form              Tmut/Pois      #.........   21%         3    ###....
 Alistair's Intoxication  Tmut/Pois      #.......     88%         5    ######.
 Statue Form              Tmut/Erth      ####.....    89%         6    #######
 Hydra Form               Tmut           ##........   100%        6    #######
 Dragon Form              Tmut           ##........   100%        7    #######


Dungeon Overview and Level Annotations

Branches:
Dungeon (10/15)            Temple (1/1) D:7            Lair (5/6) D:10
 Shoals (0/4) Lair:4        Snake (0/4) Lair:2        Slime (0/5) Lair:5
    Orc (0/2) D:9           IceCv (1/1)

Altars:
Ashenzari
Cheibriados
Dithmenos
Elyvilon
Fedhas
Gozag
Hepliaklqana
Kikubaaqudgha
Makhleb
Nemelex Xobeh
Okawaru
Qazlal
Ru
Sif Muna
Trog
Uskayaw
Vehumet
Wu Jian
Xom
Yredelemnul
Zin
The Shining One
Jiyva
Lugonu

Shops:
D:5 [   D:7 :


Innate Abilities, Weirdness & Mutations

You can breathe blasts of scalding, opaque steam.
Your pale cyan-grey scales are hard. (AC +8)
You cannot fit into any form of body armour.
You are cold-blooded and may be slowed by cold attacks.


Message History

Okay, then.
Evoke which item? (* to show all) (? for menu, Esc to quit)
Okay, then.
Okay, then.
Unknown command.
Okay, then.
Unknown command.
Unknown command.
Casting: Fireball (safe; 1% risk of failure)
Confirm with . or Enter, or press ? or * to list all spells.
Aiming: Fireball (safe; 1% risk of failure)
Press: ? - help, Shift-Dir - straight line, f/p - freezing wraith
Aim: a freezing wraith (almost destroyed) That beam is likely to hit you.
Continue anyway?
The fireball explodes!
The fireball engulfs the freezing wraith.
The freezing wraith is burned terribly!
The freezing wraith is almost destroyed.
The fireball engulfs you!!
You die...

###### ###....##
#.......#
#...###..## #...
##WW## #... ##.@##
..W #...# .. #..##
##### . #...###
###...####
##....###........##
##...............##
####.............#
##............#
##..........##


You could see 2 freezing wraiths.

Vanquished Creatures
  Gastronok (D:9)
  A dire elephant (Lair:2)
  Snorg (Lair:4)
  Harold (D:9)
  A hydra (Lair:3)
  8 death yaks
  Pikel (D:6)
  An orc knight (D:10)
  17 elephants
  2 black mambas (Lair:6)
  Joseph (D:9)
  4 spiny frogs
  A gargoyle (D:10)
  2 komodo dragons (Lair:2)
  A polar bear (Lair:4)
  A troll (D:9)
  A wolf spider simulacrum (IceCv)
  10 hippogriffs
  9 blink frogs (Lair:2)
  A spriggan (Lair:2)
  4 wyverns
  24 yaks
  A hungry ghost (D:9)
  2 humans (D:7)
  A death yak simulacrum (IceCv)
  A steam dragon (D:10)
  3 nagas (Lair:2)
  13 water moccasins
  Duvessa (D:7)
  4 porcupines
  5 ice beasts (IceCv)
  3 slaves (D:6)
  A black bear (D:9)
  9 orc warriors
  3 phantoms
  2 sky beasts (D:8)
  An alligator simulacrum (IceCv)
  6 ogres
  8 wolves
  3 centaurs (D:10)
  7 crocodiles
  10 bullfrogs
  3 wyvern skeletons
  Dowan (D:7)
  A scorpion (D:10)
  3 killer bees (D:10)
  A swamp dragon simulacrum (IceCv)
  4 howler monkeys
  3 electric eels (D:10)
  2 bullfrog zombies
  4 crimson imps
  A quasit (D:5)
  4 orc priests
  A jelly (D:10)
  9 orc wizards
  Jessica (D:2)
  An iguana (D:5)
  Ijyb (D:4)
  5 worker ants
  2 killer bee zombies
  2 worker ant zombies
  11 adders
  5 gnolls
  2 shadow imps
  5 white imps (IceCv)
  An ooze (D:1)
  2 adder skeletons
  2 worms
  4 dart slugs
  6 leopard geckos
  56 orcs
  10 bats
  10 giant cockroaches
  8 goblins
  11 hobgoblins
  9 jackals
  A quokka (D:5)
  9 frilled lizards
  4 kobolds
  A leopard gecko skeleton (D:9)
  A quokka skeleton (D:4)
  2 rats
386 creatures vanquished.

Vanquished Creatures (others)
  A slave (D:6)
  76 fungi
  42 plants
119 creatures vanquished.

Grand Total: 505 creatures vanquished

Notes
Turn   | Place    | Note
-------+----------+-------------------------------------------
     0 | D:1      | Mesmaeker13 the Draconian Earth Elementalist began the
                  | quest for the Orb.
     0 | D:1      | Reached XP level 1. HP: 14/14 MP: 3/3
   521 | D:1      | Reached XP level 2. HP: 14/20 MP: 5/5
  1430 | D:2      | Reached XP level 3. HP: 26/26 MP: 2/6
  1933 | D:2      | Reached XP level 4. HP: 33/33 MP: 3/8
  1987 | D:2      | Found a sacrificial altar of Ru.
  1987 | D:2      | Found a burning altar of Makhleb.
  2320 | D:2      | Noticed Jessica
  2340 | D:2      | Killed Jessica
  2366 | D:2      | Learned a level 3 spell: Stone Arrow
  2555 | D:2      | Found a bloodstained altar of Trog.
  2682 | D:3      | Reached XP level 5. HP: 38/38 MP: 9/9
  2890 | D:3      | Reached skill level 1 in Conjurations
  3828 | D:3      | Reached XP level 6. HP: 45/45 MP: 2/10
  4142 | D:4      | Reached skill level 2 in Conjurations
  4253 | D:4      | Found an ancient bone altar of Kikubaaqudgha.
  4527 | D:4      | Found a shimmering altar of Xom.
  4771 | D:4      | Found a radiant altar of Vehumet.
  4771 | D:4      | Noticed Ijyb
  5192 | D:4      | Got a crude hand axe
  5355 | D:4      | Killed Ijyb
  5355 | D:4      | Reached skill level 5 in Earth Magic
  5399 | D:4      | Reached skill level 3 in Conjurations
  5399 | D:4      | Your scales start taking on a pale cyan-grey colour.
  5399 | D:4      | Reached XP level 7. HP: 38/50 MP: 4/11
  5486 | D:5      | Entered Level 5 of the Dungeon
  5537 | D:5      | Found Dusamuby's Armour Shoppe.
  6012 | D:5      | Found a glowing silver altar of Zin.
  6409 | D:6      | Found a shattered altar of Ashenzari.
  6756 | D:6      | Noticed Pikel
  7179 | D:6      | Killed Pikel
  7179 | D:6      | Reached skill level 5 in Dodging
  7179 | D:6      | Reached skill level 4 in Conjurations
  7179 | D:6      | Reached XP level 8. HP: 36/57 MP: 6/12
  7479 | D:6      | Reached skill level 5 in Conjurations
  7535 | D:6      | Found an ornate altar of the Wu Jian Council.
  7821 | D:7      | Found Tudgh's Book Shoppe.
  7910 | D:7      | Noticed a hippogriff
  7925 | D:7      | Killed a hippogriff
  7997 | D:7      | Found a staircase to the Ecumenical Temple.
  8110 | D:7      | Identified the +4 hand axe "Leohed" {chop, rPois Int+3
                  | Dex+4} (You found it on level 4 of the Dungeon)
  8518 | Temple   | Entered the Ecumenical Temple
  8562 | Temple   | Became a worshipper of Sif Muna the Loreminder
  8659 | D:7      | Found an iron altar of Okawaru.
  8665 | D:7      | Reached skill level 6 in Conjurations
  8665 | D:7      | Reached XP level 9. HP: 55/62 MP: 8/13
  8669 | D:7      | Reached skill level 1 in Invocations
  8792 | D:7      | Found a hazy altar of Hepliaklqana.
  8948 | D:7      | Noticed Dowan
  8959 | D:7      | Killed Dowan
  8969 | D:7      | Noticed Duvessa
  9685 | D:8      | Reached skill level 7 in Conjurations
 10122 | D:8      | Reached * piety under Sif Muna
 10172 | D:8      | Found a stormy altar of Qazlal.
 10238 | D:9      | Noticed Joseph
 10253 | D:9      | Killed Joseph
 10268 | D:9      | Reached XP level 10. HP: 28/69 MP: 4/14
 10593 | D:9      | Found a shadowy altar of Dithmenos.
 10602 | D:9      | Reached skill level 5 in Invocations
 10769 | D:9      | Found a hide-covered altar of Uskayaw.
 10953 | D:9      | Noticed Harold
 10997 | D:9      | Killed Harold
 10997 | D:9      | Reached skill level 8 in Conjurations
 11281 | D:9      | Found a staircase to the Orcish Mines.
 11475 | D:9      | Noticed Gastronok
 11484 | D:9      | Reached ** piety under Sif Muna
 11708 | D:9      | Killed Gastronok
 11708 | D:9      | Reached skill level 9 in Conjurations
 12114 | D:7      | Killed Duvessa
 12150 | D:5      | Bought a +0 shield for 49 gold pieces
 12341 | D:10     | Entered Level 10 of the Dungeon
 12351 | D:9      | Reached XP level 11. HP: 65/74 MP: 14/16
 12490 | D:10     | Reached skill level 1 in Shields
 12652 | D:10     | Noticed an orc knight
 12702 | D:10     | Killed an orc knight
 13540 | D:10     | Identified the Tome of Shape Shifting
 13734 | D:10     | Found a staircase to the Lair.
 13809 | Lair:1   | Entered Level 1 of the Lair of Beasts
 13896 | D:7      | Bought a book of Flames for 490 gold pieces
 13902 | D:7      | Learned a level 4 spell: Sticky Flame
 14088 | Lair:1   | Reached skill level 1 in Fire Magic
 14206 | Lair:1   | Reached skill level 10 in Conjurations
 14701 | Lair:1   | Reached *** piety under Sif Muna
 15481 | Lair:2   | Reached skill level 5 in Shields
 15522 | Lair:2   | Reached skill level 5 in Fire Magic
 16024 | Lair:1   | Reached XP level 12. HP: 43/81 MP: 15/18
 17557 | Lair:2   | Reached skill level 11 in Conjurations
 17594 | Lair:2   | Found a staircase to the Snake Pit.
 18210 | Lair:2   | Noticed a dire elephant
 18253 | Lair:2   | Killed a dire elephant
 18898 | Lair:2   | Noticed a death yak
 19079 | Lair:2   | Noticed a death yak
 19118 | Lair:2   | Killed a death yak
 19255 | Lair:2   | Noticed a death yak
 19255 | Lair:2   | Noticed a death yak
 19281 | Lair:2   | Noticed a death yak
 19289 | Lair:1   | Killed a death yak
 19571 | Lair:1   | Killed a death yak
 19847 | Lair:1   | Killed a death yak
 20056 | Lair:2   | Killed a death yak
 20132 | Lair:3   | Noticed an eight-headed hydra
 20448 | Lair:3   | Reached XP level 13. HP: 83/86 MP: 19/19
 20454 | Lair:3   | Reached **** piety under Sif Muna
 20458 | Lair:3   | Reached skill level 10 in Fire Magic
 20953 | Lair:3   | You fall into a shaft and drop 2 floors!
 20963 | Lair:5   | Found a staircase to the Slime Pits.
 20967 | Lair:5   | Found a viscous altar of Jiyva.
 21057 | Lair:4   | Learned a level 5 spell: Fireball
 21300 | Lair:4   | Reached skill level 12 in Conjurations
 21643 | Lair:4   | Noticed Snorg
 21689 | Lair:4   | Killed Snorg
 22456 | Lair:4   | Found a staircase to the Shoals.
 22480 | Lair:4   | You fall into a shaft and drop 2 floors!
 22480 | Lair:6   | Entered Level 6 of the Lair of Beasts
 22695 | Lair:6   | Found a frozen archway.
 22717 | IceCv    | Entered an ice cave
 23011 | IceCv    | Killed themself with a badly aimed fireball

Levels and vault maps discovered:
D:1:      evilmike_arrival_rings, layout_rooms
D:2:      layout_basic, lemuel_coloured_pillars_altar,
          gammafunk_temple_overflow_elements, uniq_jessica
D:3:      minmay_evil_eye, layout_loops_ring
D:4:      layout_basic, kiku_gazebo_pond_becter, old_standard_altar,
          kennysheep_mini_moat, uniq_ijyb
D:5:      layout_loops_ring, zin_statuary, first_ration, serial_shops,
          nicolae_shop_crystal
D:6:      layout_gridville, lemuel_crystal_altar, old_standard_altar,
          chequers_serial_rivers_marsh, lemuel_old_faithful, uniq_pikel
D:7:      layout_basic, lemuel_doored_altar, okawaru_humans,
          minmay_temple_entry_butterflies, serial_shops, shop, uniq_duvessa
D:8:      layout_loops_ring, grunt_pizzeria, nicolae_qazlal_eye_of_the_storm
D:9:      layout_basic, kennysheep_little_box,
          grunt_dithmenos_smoke_and_mirrors, david_orc_2, uniq_joseph,
          uniq_gastronok, uniq_harold
D:10:     cheibrodos_orc_bank, layout_basic, grunt_lair_entry_orc_guard_hut,
          enter_bailey_7
Temple:   kb_corrupted_temple
Lair:1:   layout_roguey, st_stairs_6, grunt_megastairs_2, lemuel_fruit_fields
Lair:2:   mu_elephants_graveyard, layout_chaotic_city,
          minmay_snake_entry_guardpost_small
Lair:3:   layout_concentric_octagons
Lair:4:   layout_loops_ring, shoals_dummy_entry, wad_woods_03, uniq_snorg
Lair:5:   layout_cave_shapes, slime_altar_1, lemuel_fruit_tree
Lair:6:   minmay_lair_end_enchanted_forest, layout_hall_layers,
          portal_ice_cave_entry_pillars_1, gammafunk_ghost_grave,
          minmay_lair_oklob_chamber
IceCv:    ice_cave_small_necro

Skill      XL: |  1  2  3  4  5  6  7  8  9 10 11 12 13 |
---------------+----------------------------------------+-----
Dodging        | 2 3 4 5 6 7 9 |  9.1
Spellcasting   | 3 |  3.1
Earth Magic    | 4 5 6 7 8 |  8.0
Conjurations   | 1 3 4 6 7 9 10 11 12 | 12.3
Invocations    | 4 7 8 |  8.5
Shields        | 5 7 8 |  8.7
Fire Magic     | 5 9 11 | 11.6
Stealth        | |  1.7
Transmutations | |  1.0

Action                   |  1- 3 |  4- 6 |  7- 9 | 10-12 | 13-15 || total
-------------------------+-------+-------+-------+-------+-------++-------
Melee: Unarmed           |    50 |       |       |       |       ||    50
       Tailslap          |     8 |    12 |    21 |    13 |     5 ||    59
       Spear             |    33 |       |       |       |       ||    33
       Flail             |    21 |   185 |    54 |       |       ||   260
       Hand axe          |       |       |    88 |   105 |    18 ||   211
Throw: Dart              |       |     5 |    11 |       |       ||    16
 Cast: Sandblast         |    19 |    58 |    68 |   113 |    50 ||   308
       Stone Arrow       |       |     2 |    38 |   245 |    96 ||   381
       Sticky Flame      |       |       |       |    10 |    15 ||    25
       Fireball          |       |       |       |       |     2 ||     2
Invok: Channel Magic     |       |       |       |     3 |     3 ||     6
 Abil: Breathe Steam     |       |       |    15 |    10 |     5 ||    30
Evoke: Wand              |       |       |     4 |    35 |     2 ||    41
       Box of beasts     |       |       |       |     1 |       ||     1
  Use: Scroll            |       |     5 |     4 |     2 |     4 ||    15
       Potion            |       |     1 |     3 |     9 |     2 ||    15
 Stab: Sleeping          |       |     5 |     2 |     2 |       ||     9
       Distracted        |       |       |       |     1 |       ||     1
       Paralysed         |       |       |       |     1 |       ||     1
  Eat: Chunk             |     3 |    12 |    10 |    44 |    16 ||    85
       Ration            |       |       |     3 |     5 |       ||     8
Armor: Skin              |    39 |    78 |    57 |    89 |    31 ||   294
Dodge: Dodged            |    71 |   155 |   169 |   292 |    98 ||   785
